 Dungeon Crawl Stone Soup version 0.31-a0-662-g684573625c (webtiles) character file.

Game seed: 2140968550577614663

218 jlumianski the Trooper (level 5, -2/63 HPs)
             Began as a Demonspawn Fighter on Aug 31, 2023.
             Slain by Terence
             ... wielding a +7 trident of freezing
              (3 damage)
             ... on level 3 of the Dungeon.
             The game lasted 00:08:20 (2277 turns).

jlumianski the Trooper (Demonspawn Fighter)         Turns: 2277, Time: 00:08:21

Health: -2/63      AC: 22    Str: 18    XL:     5   Next: 63%
Magic:  5/5        EV:  2    Int: 10    God:
Gold:   171        SH:  4    Dex: 12    Spells: 4/4 levels left

rFire   . . .        a - +0 war axe
rCold   . . .        c - +0 buckler
rNeg    . . .        i - melded +0 plate armour
rPois   +            x - melded +0 helmet
rElec   .            v - melded +0 cloak
rCorr   +            (gloves currently unavailable)
SInv    .            (boots currently unavailable)
Will    .....        (no amulet)
Stlth   +            e - ring of resist corrosion
HPRegen 0.30/turn    (no ring)
MPRegen 0.09/turn

%: no passive effects
@: mighty, tree-form
A: stationary, stasis, torment immunity, boosted hp, foul stench 2, powered by
pain 1
a: no special abilities


You were on level 3 of the Dungeon.
You were a tree.
You visited 1 branch of the dungeon, and saw 4 of its levels.

You collected 171 gold pieces.

Inventory:

Hand Weapons
 a - a +0 war axe (weapon)
 j - a +1 dagger of venom
 u - a +4 quarterstaff of chaos
Missiles
 k - 6 poisoned darts
 r - 6 boomerangs (quivered)
 w - 5 stones
Armour
 b - a +0 scale mail
 c - a +0 buckler (worn)
 i - a +0 plate armour (melded)
 v - a +0 cloak (melded)
 x - a +0 helmet (melded)
Jewellery
 e - a ring of resist corrosion (left branch)
Scrolls
 f - a scroll of identify {unknown}
 g - a scroll of immolation {unknown}
 h - a scroll of enchant weapon {unknown}
 l - a scroll of enchant armour {unknown}
 m - a scroll of fog {unknown}
 n - a scroll of torment {unknown}
 o - a scroll of vulnerability {unknown}
 p - 2 scrolls of teleportation {unknown}
 q - a scroll of summoning {unknown}
Potions
 d - a potion of might
 t - a potion of degeneration {unknown}


   Skills:
 + Level 4.0 Fighting
 + Level 3.8 Axes
 + Level 3.6 Armour
 + Level 0.2 Dodging
 + Level 3.0 Shields


You had 4 spell levels left.
You didn't know any spells.
Your spell library was empty.

Dungeon Overview and Level Annotations

Branches:
Dungeon (4/15)
 Temple: D:4-7

Altars:

Annotations:
D:3 Ijyb, Terence


Innate Abilities, Weirdness & Mutations

You are a tree.
Your roots penetrate the ground, keeping you stationary.
You cannot be teleported.
You are immune to unholy pain and torment.
Your maximum health is greatly increased.
Your equipment is partially melded.
You sometimes emit foul miasma when damaged in melee.
You sometimes gain a little power by taking damage.


Message History

You kill Jessica!
You see here a +0 short sword.
Things that are here:
a +0 dagger; a +0 robe HP restored.
A frilled lizard comes into view.
The frilled lizard hisses angrily.
Found a leather armour.
Terence the Incautious comes into view.
He is wielding a +7 trident of freezing.
Terence shouts!
Terence screams, "I want your blood!" Terence looks scornfully at you.
Terence says, "Rest in peace."
Terence hits you from afar with a +7 trident of freezing.
Terence freezes you. The frilled lizard barely misses you.
You barely miss the frilled lizard. Terence barely misses you.
You block the frilled lizard's attack.
You slash the frilled lizard!
You kill the frilled lizard!
Terence hits you from afar with a +7 trident of freezing!
Terence freezes you.
Terence hits you from afar with a +7 trident of freezing!
* * * LOW HITPOINT WARNING * * *
Terence freezes you.
* * * LOW HITPOINT WARNING * * *
It was a potion of lignification.
You turn into a tree.
Your +0 cloak melds into your body.
Your +0 helmet melds into your body.
Your +0 plate armour melds into your body.
Your roots penetrate the ground.
Terence barely misses you.
You cannot move.
You cannot move.
Terence hits you from afar with a +7 trident of freezing!
* * * LOW HITPOINT WARNING * * *
You focus on the pain.
You feel very mighty all of a sudden. Terence freezes you.
* * * LOW HITPOINT WARNING * * *
Terence hits you but does no damage.
Terence hits you from afar with a +7 trident of freezing.
You die...

##..............##.###
#..........)..........
#.................####
#..................###
#..........)....).....
#................##.#)
#............@...# ..#
#...........†..## ..
##.....##...♣.##
##########..## #.##
####. ## ##.# #.... ..
.. ##..# ##.. .#.# #.
#..## #..###..# #.
##.## #..##..####.
#..# ######..##.......
#.## #................


You could see Terence.

Vanquished Creatures
  A jelly (D:1)
  Crazy Yiuf (D:2)
  Jessica (D:3)
  Robin (D:3)
  A gnoll (D:1)
  2 adders
  6 worms
  4 ball pythons
  11 endoplasms
  6 giant cockroaches
  13 goblins
  5 hobgoblins
  6 jackals (D:1)
  4 kobolds
  2 bats
  2 frilled lizards
  6 rats
72 creatures vanquished.

Notes
Turn   | Place    | Note
-------+----------+-------------------------------------------
     0 | D:1      | jlumianski the Demonspawn Fighter began the quest for the
                  | Orb.
     0 | D:1      | Reached XP level 1. HP: 18/18 MP: 1/1
     1 | D:1      | Found a runed translucent door.
     2 | D:1      | Noticed a jelly
   127 | D:3      | Noticed Robin
   229 | D:1      | Gained mutation: You may rarely emit foul miasma when
                  | damaged in melee. [demonic ancestry]
   229 | D:1      | Reached XP level 2. HP: 24/24 MP: 2/2
   387 | D:1      | Gained mutation: You sometimes emit foul miasma when
                  | damaged in melee. [demonic ancestry]
   387 | D:1      | Reached XP level 3. HP: 27/29 MP: 3/3
  1015 | D:1      | Gained mutation: You sometimes gain a little power by
                  | taking damage. [demonic ancestry]
  1015 | D:1      | Reached XP level 4. HP: 34/37 MP: 4/4
  1229 | D:3      | Noticed Ijyb
  1658 | D:2      | Found a runed translucent door.
  1659 | D:2      | Noticed Crazy Yiuf
  1771 | D:2      | Killed Crazy Yiuf
  1772 | D:2      | Reached XP level 5. HP: 36/42 MP: 5/5
  1970 | D:2      | Reached skill level 4 in Fighting
  2036 | D:3      | Killed Robin
  2210 | D:3      | Noticed Jessica
  2227 | D:3      | Killed Jessica
  2254 | D:3      | Noticed Terence
  2275 | D:3      | HP: 2/63 [Terence/+7 trident of freezing (15)]
  2277 | D:3      | Slain by Terence

Illustrated notes

Levels and vault maps discovered:
D:1:      dpeg_arrival_caged_fury, layout_loops_ring, kennysheep_crisscross,
          minmay_worlds_worst_comb
D:2:      layout_basic, uniq_crazy_yiuf_cottage
D:3:      layout_rooms, uniq_robin, uniq_jessica, uniq_ijyb, uniq_terence
D:4:      layout_cave_pods, uniq_duvessa, uniq_grinder, uniq_blork_the_orc

Skill      XL: |  1  2  3  4  5 |
---------------+----------------+-----
Axes           | 2 3 |  3.8
Armour         | 3 |  3.6
Shields        | 3 |  3.0
Fighting       | 4 |  4.0
Dodging        | |  0.2

Action                     |  1- 3 |  4- 6 || total
---------------------------+-------+-------++-------
  Melee: War axe           |    71 |   111 ||   182
  Throw: Boomerang         |       |     1 ||     1
    Use: Potion            |     1 |     2 ||     3
 Armour: Scale mail        |    23 |       ||    23
         Plate armour      |    46 |   115 ||   161
         Skin              |       |     3 ||     3
  Dodge: Dodged            |    27 |    31 ||    58
  Block: Buckler           |    14 |    28 ||    42

Table legend: (Time is in decaauts)
 A = Elapsed time spent in this place.
 B = Non-inter-level travel time spent in this place.
 C = Inter-level travel time spent in this place.
 D = Time resting spent in this place.
 E = Time spent auto-exploring this place.
 F = Levels seen in this place.
 G = Mean time per level.
                   A        B        C        D        E       F      G
               +--------+--------+--------+--------+--------+-----+--------+
         Total |   2364 |   2321 |     43 |    188 |   1253 |   4 |  591.0 |
       Dungeon |   2364 |   2321 |     43 |    188 |   1253 |   4 |  591.0 |
               +--------+--------+--------+--------+--------+-----+--------+

Top non-repeatable levels by time:
     D:2: 1172 daAuts
     D:1: 932 daAuts
     D:3: 257 daAuts
     D:4: 2 daAuts
